 Dungeon Crawl Stone Soup version 0.28.0-53-g5a82cb258f (webtiles) character file.

Game seed: 5054735254535100076

288646 jjjjhere the Slayer (level 20, -24/203 HPs)
             Began as a Minotaur Hedge Wizard on Oct 16, 2022.
             Was the Champion of Lugonu.
             Annihilated by a vault warden
             ... wielding a +0 bardiche
              (45 damage)
             ... on level 4 of the Vaults on Oct 17, 2022.
             The game lasted 01:09:28 (35249 turns).

jjjjhere the Slayer (Minotaur Hedge Wizard)        Turns: 35249, Time: 01:09:29

Health: -24/203    AC: 27    Str: 36    XL:     20   Next: 24%
Magic:  37/37      EV: 15    Int: 22    God:    Lugonu [******]
Gold:   2334       SH: 20    Dex: 16    Spells: 22/23 levels left

rFire   + . .      SeeInvis .   o - +5 broad axe of Causality {vamp, Int+5}
rCold   + + +      Faith    +   h - +0 tower shield
rNeg    + . .      Spirit   .   Z - +4 plate armour {rC+}
rPois   +          Reflect  .   c - +1 hat
rElec   +          Harm     .   a - +0 cloak of Idafrida {Str+4 Stlth-}
rCorr   .          Rampage  .   u - +0 pair of gloves of Resonance {Str+7}
Will    +++..                   i - +2 pair of boots of Senuwkole {rC+}
Stlth   ..........              k - amulet of the Slug {Faith rF+ rC+ MP+9}
HPRegen 1.23/turn               f - ring "Zason" {Fly Will++ EV+4 Str+7}
MPRegen 0.25/turn               O - ring of Ymuss {rElec rPois rN+ Int+6 Stlth+}

@: flying, studying Throwing
A: horns 2, retaliatory headbutt, agile 1, regeneration 1, weak 1
}: 1/15 runes: decaying
a: Renounce Religion, Depart the Abyss, Bend Space, Banish, Corrupt, Enter the
Abyss, Brand Weapon With Distortion


You were on level 4 of the Vaults.
You worshipped Lugonu.
Lugonu was exalted by your worship.
You visited 5 branches of the dungeon, and saw 31 of its levels.
You visited the Abyss 1 time.
You also visited: Sewer and Desolation.

You collected 3409 gold pieces.
You spent 1075 gold pieces at shops.

Inventory:

Hand Weapons
 o - the +5 broad axe of Causality (weapon) {vamp, Int+5}
   (You found it on level 3 of the Swamp)

   It occasionally heals its wielder for a portion of the damage dealt when it
   wounds a living foe.
   Int:       It affects your intelligence (+5).
 r - a +5 vorpal broad axe
 v - a +2 broad axe of flaming
Missiles
 x - 2 silver boomerangs
 C - 8 boomerangs (quivered)
 P - a throwing net
Armour
 a - the +0 cloak of Idafrida (worn) {Str+4 Stlth-}
   (You bought it in a shop on level 9 of the Dungeon)

   Str:       It affects your strength (+4).
   Stlth:     It makes you less stealthy.
 c - a +1 hat (worn)
 h - a +0 tower shield (worn)
 i - the +2 pair of boots of Senuwkole (worn) {rC+}
   (You found it in the Desolation of Salt)

   rC:        It protects you from cold.
 u - the +0 pair of gloves of Resonance (worn) {Str+7}
   (You acquired it on level 11 of the Dungeon)

   Str:       It affects your strength (+7).
 Z - a +4 plate armour of cold resistance (worn)
Jewellery
 f - the ring "Zason" (left hand) {Fly Will++ EV+4 Str+7}
   (You acquired it on level 10 of the Dungeon)

   [ring of evasion]

   EV:        It affects your evasion (+4).
   Str:       It affects your strength (+7).
   Fly:       It grants you flight.
   Will:      It greatly increases your willpower.
 k - the amulet of the Slug (around neck) {Faith rF+ rC+ MP+9}
   (You found it in the Desolation of Salt)

   [amulet of faith]

   It allows you to gain divine favour quickly.
   rF:        It protects you from fire.
   rC:        It protects you from cold.
   MP:        It affects your magic capacity (+9).
 l - a ring of resist corrosion
 p - a ring of fire
 H - a ring of see invisible
 N - the ring "Pemuph" {rC+ Dex+6}
   (You found it on level 2 of the Swamp)

   [ring of dexterity]

   Dex:       It affects your dexterity (+6).
   rC:        It protects you from cold.
 O - the ring of Ymuss (right hand) {rElec rPois rN+ Int+6 Stlth+}
   (You found it on level 12 of the Dungeon)

   [ring of positive energy]

   Int:       It affects your intelligence (+6).
   rElec:     It insulates you from electricity.
   rPois:     It protects you from poison.
   rN:        It protects you from negative energy.
   Stlth:     It makes you more stealthy.
 Y - a +4 ring of evasion
Wands
 b - a wand of polymorph (14)
 y - a wand of digging (14)
 z - a wand of mindburst (25)
 A - a wand of iceblast (39)
 I - a wand of acid (15)
 J - a wand of flame (67)
 L - a wand of charming (12)
 X - a wand of paralysis (23)
Scrolls
 j - 3 scrolls of fear
 n - 3 scrolls of magic mapping
 q - 9 scrolls of teleportation
 F - 7 scrolls of identify
 Q - 4 scrolls of blinking
 S - 8 scrolls of enchant armour
 T - 3 scrolls of fog
 V - 3 scrolls of amnesia
Potions
 d - a potion of mutation
 e - 2 potions of magic
 m - 5 potions of cancellation
 s - 11 potions of attraction
 t - 5 potions of heal wounds
 B - 5 potions of brilliance
 D - 3 potions of berserk rage
 E - 6 potions of flight
 G - 3 potions of ambrosia
 K - a potion of resistance
 M - 9 potions of curing
 R - 6 potions of haste
 U - 3 potions of might
Miscellaneous
 g - a lightning rod (4/4)
 W - a condenser vane


   Skills:
 + Level 23.0 Fighting
 - Level 15.9(18.0) Axes
 - Level 13.8(16.9) Maces & Flails
 + Level 13.2 Throwing
 - Level 12.8 Armour
 - Level 8.4 Dodging
 - Level 1.5 Stealth
 + Level 17.4 Shields
 - Level 2.1 Spellcasting
 - Level 0.6 Conjurations
 - Level 0.6 Summonings
 - Level 0.6 Translocations
 - Level 12.8 Invocations
 - Level 11.0 Evocations


You had 22 spell levels left.
You knew the following spells:

 Your Spells              Type           Power      Damage    Failure   Level
a - Magic Dart            Conj           20%        1d4       80%         1

Your spell library contained the following spells:

 Spells                   Type           Power      Damage    Failure   Level
 Summon Small Mammal      Summ           20%        N/A       80%         1
 Foxfire                  Conj/Fire      12%        2x1d4     83%         1
 Shock                    Conj/Air       12%        1d3       83%         1
 Sandblast                Erth           4%         2d4       87%         1
 Slow                     Hex            8%         N/A       87%         1
 Blink                    Tloc           10%        N/A       91%         2
 Call Imp                 Summ           5%         N/A       91%         2
 Corpse Rot               Necr/Air       4%         N/A       95%         2
 Passwall                 Tmut/Erth      1%         N/A       95%         2
 Sublimation of Blood     Necr           2%         N/A       95%         2
 Call Canine Familiar     Summ           5%         N/A       99%         3
 Confusing Touch          Hex            2%         N/A       99%         3
 Conjure Flame            Conj/Fire      3%         6-21      99%         3
 Gell's Gravitas          Tloc           5%         N/A       99%         3
 Ignite Poison            Fire/Tmut/Pois 2%         N/A       99%         3
 Inner Flame              Hex/Fire       2%         N/A       99%         3
 Mephitic Cloud           Conj/Pois/Air  3%         N/A       99%         3
 Portal Projectile        Hex/Tloc       6%         N/A       99%         3
 Spider Form              Tmut/Pois      2%         N/A       99%         3
 Stone Arrow              Conj/Erth      6%         3d7       99%         3
 Summon Guardian Golem    Hex/Summ       3%         N/A       99%         3
 Swiftness                Air            2%         N/A       99%         3
 Vampiric Draining        Necr           2%         2d6       99%         3
 Airstrike                Air            1%         N/A       100%        4
 Passage of Golubria      Tloc           5%         N/A       100%        4
 Petrify                  Tmut/Erth      2%         N/A       100%        4
 Alistair's Intoxication  Tmut/Pois      1%         N/A       100%        5
 Blade Hands              Tmut           1%         N/A       100%        5
 Borgnjor's Vile Clutch   Necr/Erth      1%         N/A       100%        5
 Excruciating Wounds      Necr           1%         N/A       100%        5
 Freezing Cloud           Conj/Ice/Air   1%         6-21      100%        5
 Irradiate                Conj/Tmut      1%         3d14      100%        5
 Lee's Rapid Deconstruct  Erth           1%         3d5*      100%        5
 Manifold Assault         Tloc           5%         N/A       100%        5
 Silence                  Hex/Air        1%         N/A       100%        5
 Yara's Violent Unravell  Hex/Tmut       1%         3d3       100%        5
 Conjure Ball Lightning   Conj/Air       1%         3x3d6     100%        6
 Eringya's Noxious Bog    Tmut/Pois      1%         N/A       100%        6
 Iron Shot                Conj/Erth      1%         9d1       100%        6
 Starburst                Conj/Fire      1%         6d3       100%        6
 Statue Form              Tmut/Erth      1%         N/A       100%        6
 Dragon Form              Tmut           1%         N/A       100%        7
 Enfeeble                 Hex            1%         N/A       100%        7
 Orb of Destruction       Conj           2%         9d5       100%        7
 Spellforged Servitor     Conj/Summ      2%         N/A       100%        7
 Ignition                 Fire           1%         3d3       100%        8
 Lehudib's Crystal Spear  Conj/Erth      1%         10d2      100%        8
 Maxwell's Capacitive Co  Air            1%         ∞         100%        8
 Summon Horrible Things   Summ           2%         N/A       100%        8
 Fire Storm               Conj/Fire      1%         8d1       100%        9
 Shatter                  Erth           1%         3d5*      100%        9


Dungeon Overview and Level Annotations

Branches:
Dungeon (15/15)            Temple (0/1) D:7            Lair (6/6) D:10
  Swamp (4/4) Lair:2        Snake (0/4) Lair:2        Slime (0/5) Lair:6
    Orc (2/2) D:10            Elf (0/3) Orc:2        Vaults (4/5) D:14
  Crypt (0/3) Vaults:2     Depths (0/4) D:15          Sewer (visited)
Desolation (visited)

Altars:
Cheibriados
Dithmenos
Fedhas
Gozag
Nemelex Xobeh
Okawaru
Ru
Sif Muna
Trog
Uskayaw
Xom
Yredelemnul
Jiyva
Lugonu

Shops:
D:1 :   D:6 :[   D:7 *   D:8 (   D:9 ([   Orc:2 [(([   Vaults:3 ((

Portals:
Trove: D:13 (give +3 gold dragon scales) D:14 (give +3 gold dragon scales)

Annotations:
D:4 2 transporters, WhelmingWave's ghost, amateur HuFi
Swamp:4 exclusion: oklob plant
Orc:1 6 transporters
Vaults:1 3 runed translucent doors, christhawk's ghost, adept MiHu
Vaults:2 1 runed translucent door, Meckuph's ghost, adept OgWr
Vaults:4 1 transporter


Innate Abilities, Weirdness & Mutations

You have a pair of horns on your head.
You reflexively headbutt those who attack you in melee.
You are agile. (Dex +2)
Your natural rate of healing is unusually fast.
You are weak. (Str -2)


Message History

The dire elephant trunk-slaps you but does no damage.
You completely miss the dire elephant.
The dire elephant is heavily wounded.
The vault warden throws a stone.
You block the stone. You block the dire elephant's attack.
The dire elephant trunk-slaps you but does no damage.
The vault warden hits you with a +0 bardiche!!
You closely miss the vault warden. You headbutt the vault warden!
The vault warden is lightly wounded.
You slash the dire elephant!
You feel better. You block the dire elephant's attack.
The dire elephant barely misses you. You block the vault warden's attack.
You slice the vault warden!!
You feel better.
You headbutt the vault warden!!
The vault warden is severely wounded.
You slash the dire elephant!
You feel better.
You block the dire elephant's attack. x2; You block the vault warden's attack.
You slash the vault warden!
The vault warden is almost dead.
You hit the dire elephant.
The runic seals fade away.
You block the dire elephant's attack. The dire elephant barely misses you.
You closely miss the vault warden.
The vault warden is almost dead.
You hit the dire elephant but do no damage.
The vault warden activates a sealing rune.
The dire elephant tramples you!!
You are shoved backwards!
You slice the dire elephant!!
The dire elephant is almost dead.
You hit the vault warden but do no damage.
The vault warden hits you with a +0 bardiche!!!
* * * LOW HITPOINT WARNING * * *
The dire elephant tramples you but does no damage.
You block the dire elephant's attack.
You barely miss the dire elephant. You headbutt the dire elephant.
You kill the dire elephant!
Lugonu accepts your kill.
You slash the vault warden! The vault warden closely misses you.
You barely miss the vault warden. You headbutt the vault warden.
The vault warden is almost dead.
The vault warden hits you with a +0 bardiche!!!
You die...

#.......# #. #.......# #.
#...(...# #. #.......# #.
#.......# #.
############+###########.
........)...............[
........†................
.......p@................
......)..................
.........................
#########++##############
#...# ##### ...©.. #...#
..##### #.⌠.. ..###.Cy#
#...# . ..p.. ##.##


You could see a vault warden (strong).

Vanquished Creatures
  2 tentacled monstrosities
  A titan (Vaults:4)
  A sphinx (Vaults:2)
  2 thorn hunters
  A tengu reaver (Vaults:4)
  An azure jelly (Lair:5)
  A fenstrider witch (Swamp:4)
  A revenant (Vaults:2)
  An orc warlord (Vaults:3)
  2 deep elf sorcerers
  An iron dragon (Vaults:2)
  13 vault wardens
  A ghoul (Vaults:2)
  17 ironbound preservers
  A hydra skeleton (Swamp:4)
  4 stone giants
  3 war gargoyles
  2 very ugly things (Vaults:1)
  6 ironbound thunderhulks
  The ghost of Ruluex the Scorcher, a journeyman GrEE of Vehumet (D:12)
  Nessos (D:12)
  2 eleionomae
  3 vampire knights
  3 bunyips
  2 halazid warlocks (Desolation)
  11 dire elephants
  8 ragged hierophants (Desolation)
  5 crystal guardians
  2 ettins
  6 shambling mangroves
  2 fire dragons
  A deep elf high priest (Vaults:4)
  4 yaktaur captains
  The ghost of Muergheith the Nimble, a journeyman KoEn of Dithmenos (D:12)
  11 servants of whispers (Desolation)
  A boulder beetle (shapeshifter) (Vaults:4)
  10 peacekeepers
  3 catoblepae
  An anaconda (shapeshifter) (D:15)
  7 ogre magi
  Erolcha (Orc:2)
  12 hydras
  20 vault guards
  4 ironbound frosthearts
  4 boulder beetles
  11 two-headed ogres
  An alligator (Swamp:4)
  13 centaur warriors
  9 death yaks
  A tengu warrior (D:15)
  2 orc high priests
  Urug (D:11)
  A shock serpent (Vaults:2)
  A deep elf knight (D:14)
  9 goliath frogs
  A glowing orange brain (Vaults:1)
  A fire crab (Lair:4)
  6 skeletal warriors
  2 flayed ghosts (Swamp:4)
  41 deep trolls
  5 spriggan druids
  7 bog bodies
  2 phantasmal warriors
  5 wizards
  19 ironbound convokers
  A mana viper (shapeshifter) (D:13)
  7 swamp dragons
  2 deep elf pyromancers
  2 spectral hydras (Swamp:4)
  3 orc knights
  2 wolf spiders
  A deep elf zephyrmancer (Vaults:2)
  7 lindwurms
  A harpy (Vaults:3)
  2 human zombies (Vaults:3)
  36 ugly things
  2 necromancers
  5 will-o-the-wisps
  2 orc sorcerers
  A salamander (D:15)
  A manticore (D:12)
  An elephant (Lair:2)
  8 cyclopes
  A stone giant skeleton (Vaults:3)
  6 black mambas
  4 guardian serpents
  2 naga magi (Vaults:2)
  A smoke demon (Abyss:2)
  2 molten gargoyles (Desolation)
  16 vault sentinels
  A torpor snail (Lair:4)
  16 cane toads
  2 unseen horrors
  An unseen horror (shapeshifter) (Vaults:4)
  Maggie (Lair:1)
  3 rime drakes (Lair:6)
  40 yaktaurs
  12 komodo dragons
  2 tengu conjurers
  4 freezing wraiths
  A hydra zombie (Swamp:4)
  2 polar bears
  2 death drake zombies (Swamp:4)
  2 meliai (Lair:2)
  20 hornets
  2 tyrant leeches
  A queen bee (Lair:2)
  A queen bee (shapeshifter) (D:15)
  67 saltlings
  15 trolls
  25 blink frogs
  2 raiju
  A snapping turtle (shapeshifter) (Vaults:2)
  38 slime creatures
  16 dream sheep
  13 spriggans
  An air elemental (Vaults:2)
  7 wyverns
  6 shadows
  2 wraiths
  A hog (Vaults:2)
  A human (D:14)
  13 basilisks
  59 yaks
  6 steam dragons
  Eustachio (D:3)
  20 vampire mosquitoes
  6 wargs
  2 acid dragons
  6 nagas (Lair:2)
  14 swamp worms
  16 water moccasins
  4 hydra simulacra (Swamp:4)
  An ice beast (Vaults:2)
  Pargi (Sewer)
  5 swamp drakes
  2 black bears
  18 orc warriors
  2 sky beasts (Vaults:2)
  34 ogres
  5 boggarts (D:14)
  2 necrophages
  2 swamp dragon zombies (Swamp:4)
  14 wolves
  4 centaurs
  A swamp dragon skeleton (Swamp:4)
  5 kobold brigands
  22 bullfrogs
  A wyvern zombie (D:8)
  3 gnoll sergeants
  2 earth elementals (Vaults:2)
  3 scorpions (D:6)
  A water moccasin zombie (D:5)
  26 killer bees
  A vampire bat (Vaults:2)
  5 wights (D:7)
  6 howler monkeys
  6 electric eels
  2 lava snakes (Lair:1)
  10 hounds
  4 jellies (Lair:5)
  6 centaur zombies
  7 gnoll shamans
  2 centaur skeletons (D:7)
  A bullfrog skeleton (D:6)
  31 orc priests
  Ijyb (D:5)
  A scorpion zombie (D:5)
  3 iguanas (Lair:6)
  21 orc wizards
  8 hell rats
  4 lightning spires (Vaults:2)
  A hound zombie (D:5)
  2 hound skeletons
  A howler monkey zombie (D:9)
  23 gnolls
  7 adders
  3 shadow imps
  2 white imps (D:6)
  3 adder skeletons (D:4)
  6 dart slugs
  107 orcs
  9 ball pythons
  15 bats
  9 endoplasms
  4 giant cockroaches
  7 goblins
  11 hobgoblins
  3 jackals (D:3)
  4 quokkas
  5 frilled lizards
  16 kobolds
  A rat (D:6)
1408 creatures vanquished.

Vanquished Creatures (others)
  A yaktaur (Vaults:3)
  2 bloated husks
  2 orcs (Orc:2)
  A kobold (D:9)
  3 ball lightnings (Vaults:2)
  A briar patch (Swamp:4)
  A bush (Lair:6)
  24 foxfires
  35 fungi
  91 plants
  7 withered plants
168 creatures vanquished.

Grand Total: 1576 creatures vanquished

Notes
Turn   | Place    | Note
-------+----------+-------------------------------------------
     0 | D:1      | jjjjhere the Minotaur Hedge Wizard began the quest for the
                  | Orb.
     0 | D:1      | Reached XP level 1. HP: 14/14 MP: 2/2
    63 | D:1      | Reached skill level 1 in Fighting
   110 | D:1      | Reached skill level 2 in Fighting
   110 | D:1      | Reached XP level 2. HP: 24/24 MP: 4/4
   577 | D:1      | Reached skill level 3 in Fighting
   802 | D:1      | Found a faded altar of an unknown god.
   807 | D:1      | Prayed at the altar of an unknown god.
   807 | D:1      | Became a worshipper of Lugonu the Unformed
   807 | D:1      | Reached * piety under Lugonu
   807 | D:1      | Reached ** piety under Lugonu
   871 | D:1      | Found Naruqe's Book Shop.
  1234 | D:1      | Reached XP level 3. HP: 31/31 MP: 3/5
  1539 | D:2      | Reached skill level 4 in Fighting
  2030 | D:1      | HP: 11/34 [kobold/+0 short sword (2)]
  2032 | D:1      | Reached XP level 4. HP: 13/41 MP: 6/6
  2852 | D:3      | Reached *** piety under Lugonu
  2936 | D:3      | Reached skill level 1 in Maces & Flails
  3094 | D:3      | HP: 13/41 [poisoned by an adder]
  3354 | D:3      | Found a bloodstained altar of Trog.
  3354 | D:3      | Found a shimmering blue altar of Sif Muna.
  3355 | D:3      | Found a snail-covered altar of Cheibriados.
  3603 | D:3      | Reached skill level 1 in Axes
  3603 | D:3      | Reached skill level 1 in Invocations
  3620 | D:3      | Found a hide-covered altar of Uskayaw.
  3891 | D:4      | Noticed a bullfrog
  3908 | D:3      | Killed a bullfrog
  3909 | D:3      | Reached XP level 5. HP: 37/47 MP: 7/7
  4107 | D:4      | Noticed an ogre
  4440 | D:4      | Noticed Eustachio
  4460 | D:4      | Gained mutation: Your natural rate of healing is unusually
                  | fast. [potion of mutation]
  4460 | D:4      | Gained mutation: You are weak. (Str -2) [potion of
                  | mutation]
  4460 | D:4      | Gained mutation: You are agile. (Dex +2) [potion of
                  | mutation]
  5032 | D:3      | Killed Eustachio
  5033 | D:3      | Reached XP level 6. HP: 50/53 MP: 8/8
  5280 | D:4      | Reached XP level 7. HP: 60/60 MP: 0/9
  5437 | D:4      | Found a transporter.
  5439 | D:4      | Noticed WhelmingWave's ghost (amateur HuFi)
  5622 | D:4      | Found a transporter.
  5759 | D:5      | Entered Level 5 of the Dungeon
  5761 | D:5      | Noticed Ijyb
  5766 | D:5      | HP: 13/60 [Ijyb/bolt of acid (32)]
  6146 | D:5      | You fall into a shaft and drop 1 floor!
  6160 | D:6      | Reached skill level 5 in Maces & Flails
  6217 | D:6      | Found Maije's Antique Armour Boutique.
  6222 | D:6      | Found Nazic's Book Emporium.
  6236 | D:6      | Reached skill level 5 in Invocations
  6252 | D:6      | Identified the +9 flail of Cocytus {drain, rPois rCorr
                  | Dex+3}
  6339 | D:6      | Reached XP level 8. HP: 67/67 MP: 11/11
  6364 | D:6      | Found a glowing drain.
  6375 | Sewer    | Entered a sewer
  6409 | Sewer    | Noticed Pargi
  6418 | Sewer    | Killed Pargi
  6659 | D:6      | Reached **** piety under Lugonu
  6777 | D:6      | Reached XP level 9. HP: 71/72 MP: 13/13
  6844 | D:6      | HP: 16/72 [yak (12)]
  6848 | D:6      | Reached skill level 10 in Maces & Flails
  6903 | D:6      | Reached skill level 1 in Shields
  6908 | D:6      | Found an opulent altar of Gozag.
  6997 | D:6      | Noticed a two-headed ogre
  7007 | D:6      | Banished a two-headed ogre
  7008 | D:6      | Reached skill level 5 in Shields
  7008 | D:6      | Reached XP level 10. HP: 71/80 MP: 10/15
  7170 | D:6      | Reached ***** piety under Lugonu
  7511 | D:6      | Found a shadowy altar of Dithmenos.
  7795 | D:5      | Killed Ijyb
  8561 | D:7      | Found an iron altar of Okawaru.
  8602 | D:7      | Found Kil Foeh's Assorted Antiques.
  8796 | D:7      | Bought a bronze chain mail for 247 gold pieces
  8796 | D:7      | Identified the +6 chain mail "Piyroa" {*Slow rElec Str+4}
                  | (You bought it in a shop on level 7 of the Dungeon)
  8910 | D:7      | Found a staircase to the Ecumenical Temple.
  8915 | D:7      | Found the +6 shillelagh "Devastator" {shatter}
  9601 | D:8      | Noticed a centaur warrior
  9610 | D:8      | Killed a centaur warrior
  9722 | D:8      | Noticed a deep elf pyromancer
  9727 | D:8      | Killed a deep elf pyromancer
  9836 | D:8      | Noticed a cyclops
  9841 | D:8      | Killed a cyclops
  9842 | D:8      | Reached XP level 11. HP: 85/85 MP: 16/16
  9944 | D:8      | Noticed a two-headed ogre
  9948 | D:8      | Killed a two-headed ogre
 10050 | D:8      | Noticed a tengu warrior
 10160 | D:8      | Banished a tengu warrior
 10161 | D:8      | Reached skill level 10 in Shields
 10168 | D:8      | Identified the +1 hand axe of Zofacoh {freeze, Dex+5
                  | Stlth+}
 10208 | D:8      | Noticed a boulder beetle
 10224 | D:8      | Killed a boulder beetle
 10400 | D:8      | Found Zufosso's Antique Weapon Shop.
 10400 | D:8      | Noticed a centaur warrior
 10410 | D:8      | Killed a centaur warrior
 10578 | D:9      | Found Gusimeze's Antique Armour Shop.
 10626 | D:9      | Bought a jewelled cloak for 228 gold pieces
 10626 | D:9      | Identified the +0 cloak of Idafrida {Str+4 Stlth-} (You
                  | bought it in a shop on level 9 of the Dungeon)
 10749 | D:9      | Noticed a two-headed ogre
 10760 | D:9      | Banished a two-headed ogre
 10967 | D:10     | Entered Level 10 of the Dungeon
 10967 | D:10     | Found a sacrificial altar of Ru.
 11104 | D:10     | Noticed a purple ugly thing
 11114 | D:10     | Killed a purple ugly thing
 11151 | D:10     | Found a staircase to the Orcish Mines.
 11256 | D:10     | Found a staircase to the Lair.
 11794 | D:10     | Identified a scroll of acquirement
 11794 | D:10     | Acquired the ring "Zason" {Fly Will++ EV+4 Str+7}
 11870 | Lair:1   | Entered Level 1 of the Lair of Beasts
 12027 | Lair:1   | Reached skill level 1 in Armour
 12275 | Lair:1   | Reached skill level 5 in Fighting
 12308 | Lair:1   | Reached XP level 12. HP: 94/94 MP: 17/17
 12500 | Lair:1   | Noticed a seven-headed hydra
 12502 | Lair:1   | Banished a seven-headed hydra
 12503 | Lair:1   | Reached skill level 6 in Fighting
 12585 | Lair:1   | Noticed Maggie
 12592 | Lair:1   | Reached skill level 7 in Fighting
 12594 | Lair:1   | Reached skill level 5 in Armour
 12594 | Lair:1   | Killed Maggie
 12595 | Lair:1   | Found a shimmering blue altar of Sif Muna.
 12950 | Lair:1   | Noticed a six-headed hydra
 12960 | Lair:1   | Killed a six-headed hydra
 13188 | Lair:2   | Reached skill level 8 in Fighting
 13188 | Lair:2   | Reached ****** piety under Lugonu
 13497 | Lair:2   | Reached skill level 9 in Fighting
 13537 | Lair:2   | Reached skill level 10 in Fighting
 13585 | Lair:2   | Identified the +1 scale mail of the Poles {Will+ Int+5}
 13731 | Lair:2   | Noticed a death yak
 13731 | Lair:2   | Noticed a death yak
 13732 | Lair:2   | Noticed a death yak
 13732 | Lair:2   | Noticed a death yak
 13732 | Lair:2   | Noticed a death yak
 13735 | Lair:2   | Noticed a death yak
 13748 | Lair:2   | Killed a death yak
 13751 | Lair:2   | Reached XP level 13. HP: 110/114 MP: 18/18
 13757 | Lair:2   | Reached skill level 11 in Fighting
 13757 | Lair:2   | Reached skill level 10 in Armour
 13822 | Lair:2   | Found a staircase to the Snake Pit.
 14270 | Lair:2   | Reached skill level 12 in Fighting
 14299 | Lair:2   | Found a staircase to the Swamp.
 15280 | Lair:4   | Reached skill level 1 in Evocations
 15305 | Lair:4   | Reached skill level 13 in Fighting
 15860 | Lair:4   | Reached XP level 14. HP: 101/130 MP: 19/19
 16297 | Lair:5   | Reached skill level 14 in Fighting
 16607 | Lair:5   | Reached skill level 5 in Evocations
 16616 | Lair:5   | Found a blossoming altar of Fedhas.
 16757 | Lair:5   | Noticed an azure jelly
 16907 | Lair:5   | Killed an azure jelly
 17162 | Lair:6   | Entered Level 6 of the Lair of Beasts
 17245 | Lair:6   | Identified the +3 plate armour "Fearedan" {Str-4 Dex+4}
 17322 | Lair:6   | Reached skill level 5 in Axes
 17988 | Lair:6   | Found a viscous altar of Jiyva.
 17989 | Lair:6   | Found a staircase to the Slime Pits.
 18672 | D:11     | Noticed Urug
 18715 | D:11     | Killed Urug
 18787 | D:11     | Acquired the +0 pair of gloves of Resonance {Str+7}
 19138 | Orc:1    | Entered Level 1 of the Orcish Mines
 19140 | Orc:1    | Reached skill level 10 in Axes
 19294 | Orc:1    | Found a transporter.
 19294 | Orc:1    | Found a transporter.
 19307 | Orc:1    | Found a transporter.
 19319 | Orc:1    | Noticed a juggernaut
 19324 | Orc:1    | Found a transporter.
 19397 | Orc:1    | Found a sparkling altar of Nemelex Xobeh.
 19398 | Orc:1    | Found a transporter.
 19402 | Orc:1    | Found a transporter.
 19497 | Orc:2    | Entered Level 2 of the Orcish Mines
 19497 | Orc:2    | Noticed Erolcha
 19643 | Orc:2    | Killed Erolcha
 19676 | Orc:2    | Reached XP level 15. HP: 138/139 MP: 20/20
 19910 | Orc:2    | Found Plog's Antique Armour Shop.
 20054 | Orc:2    | Found a staircase to the Elven Halls.
 20056 | Orc:2    | Found Xiajel's Weapon Shop.
 20163 | Orc:2    | Found Yhozoesou's Armour Emporium.
 20245 | Orc:2    | Found Pihom's Antique Weapon Boutique.
 20695 | D:12     | Reached skill level 1 in Throwing
 20908 | D:12     | Found a runed translucent gate.
 20908 | D:12     | Found a runed translucent gate.
 20909 | D:12     | Found a runed translucent gate.
 20910 | D:12     | Noticed Ruluex's ghost (journeyman GrEE)
 20911 | D:12     | Noticed Muergheith's ghost (journeyman KoEn)
 21071 | D:12     | Found a blossoming altar of Fedhas.
 21351 | D:12     | Noticed Nessos
 21360 | D:12     | Killed Nessos
 21488 | D:12     | Killed Muergheith's ghost
 21489 | D:12     | Killed Ruluex's ghost
 21500 | D:12     | Identified the ring of Ymuss {rElec rPois rN+ Int+6 Stlth+}
 21504 | D:12     | Got the Collected Works on the Rocks and Summoning
 22253 | D:13     | Found an iron altar of Okawaru.
 22255 | D:13     | Identified the +1 chain mail of Morality {-Tele rPois
                  | Dex+3}
 22359 | D:14     | Found a portal to a secret trove of treasure.
 22374 | D:14     | Reached skill level 5 in Dodging
 22544 | D:14     | Reached skill level 15 in Axes
 22579 | D:14     | Found a gate to the Vaults.
 23409 | D:14     | Reached XP level 16. HP: 145/147 MP: 21/21
 23413 | D:15     | Entered Level 15 of the Dungeon
 24099 | D:15     | Found a staircase to the Depths.
 24616 | Orc:2    | Bought a +4 plate armour of cold resistance for 600 gold
                  | pieces
 24765 | Swamp:1  | Entered Level 1 of the Swamp
 24807 | Swamp:1  | Reached skill level 15 in Fighting
 24821 | Swamp:1  | Noticed a thorn hunter
 24831 | Swamp:1  | Killed a thorn hunter
 25236 | Swamp:1  | Reached skill level 5 in Throwing
 25696 | Swamp:2  | Noticed a tentacled monstrosity
 25710 | Swamp:2  | Killed a tentacled monstrosity
 25711 | Swamp:2  | Reached skill level 16 in Fighting
 25833 | Swamp:2  | Identified the ring "Pemuph" {rC+ Dex+6}
 26219 | Swamp:2  | Cast into level 2 of the Abyss (spriggan rider)
 26280 | Swamp:2  | Escaped the Abyss
 26615 | Swamp:3  | HP: 48/152 [something (7)]
 26621 | Swamp:3  | HP: 33/152 [constriction (11)]
 26693 | Swamp:3  | Paralysed by a hornet for 3 turns
 26697 | Swamp:3  | HP: 46/152 [shambling mangrove (25)]
 26784 | Swamp:3  | Identified the +5 broad axe of Causality {vamp, Int+5}
 26793 | Swamp:3  | HP: 42/152 [eight-headed hydra (11)]
 27187 | Swamp:3  | Found an opulent altar of Gozag.
 27376 | Swamp:4  | Entered Level 4 of the Swamp
 27568 | Swamp:4  | Reached skill level 10 in Throwing
 27666 | Swamp:4  | Reached XP level 17. HP: 153/160 MP: 22/22
 27667 | Swamp:4  | Reached skill level 17 in Fighting
 28105 | Swamp:4  | Reached skill level 10 in Invocations
 28546 | Swamp:4  | Found a basalt altar of Yredelemnul.
 28559 | Swamp:4  | Got a decaying rune of Zot
 28950 | Vaults:1 | Entered Level 1 of the Vaults
 29098 | Vaults:1 | Reached skill level 18 in Fighting
 29523 | Vaults:1 | Reached skill level 19 in Fighting
 29723 | Vaults:1 | Reached XP level 18. HP: 176/176 MP: 26/26
 30130 | Vaults:1 | Found a runed translucent gate.
 30130 | Vaults:1 | Found a runed translucent gate.
 30130 | Vaults:1 | Found a runed translucent gate.
 30227 | Vaults:1 | Reached skill level 20 in Fighting
 30733 | Vaults:1 | Noticed christhawk's ghost (adept MiHu)
 30975 | Vaults:2 | Found a staircase to the Crypt.
 31042 | Vaults:2 | Noticed a tentacled monstrosity
 31056 | Vaults:2 | Killed a tentacled monstrosity
 31209 | Vaults:2 | Identified the +5 war axe "Hilacew" {flame, Fly rElec rF+
                  | rC+}
 31210 | Vaults:2 | Got Kishocaz's Grimoire of Clay
 31378 | Vaults:2 | Found a runed translucent door.
 31378 | Vaults:2 | Found a shimmering altar of Xom.
 31378 | Vaults:2 | Noticed Meckuph's ghost (adept OgWr)
 31581 | Vaults:2 | Reached skill level 21 in Fighting
 31597 | Vaults:2 | Got the Guide on Transformation
 31892 | Vaults:2 | Paralysed by an air elemental for 1 turns
 31953 | Vaults:2 | Got the Guide on Feathers
 32614 | Vaults:3 | Reached XP level 19. HP: 189/189 MP: 27/27
 32630 | Vaults:3 | Reached skill level 15 in Shields
 32630 | Vaults:3 | Reached skill level 10 in Evocations
 32893 | Vaults:3 | Found a crumbling gateway.
 32914 | Desolati | Entered the Desolation of Salt
 32954 | Desolati | HP: 55/184 [saltling (20)]
 32960 | Desolati | HP: 51/187 [peacekeeper (7)]
 33034 | Desolati | Identified the ring of Jihyepn {Ice MP+9 Dex+6}
 33038 | Desolati | Got the Papyrus of the Blaze
 33046 | Desolati | Got the Compendium of the Arsonist
 33053 | Desolati | Identified the +5 quarterstaff "Boafow" {holy, rF+++ Will-}
 33157 | Desolati | Reached skill level 22 in Fighting
 33213 | Desolati | Found the +7 pair of quick blades "Gyre" and "Gimble"
                  | {protect}
 33230 | Desolati | Identified the +3 ring mail of the Stone Wall {-Tele rF+
                  | Regen+}
 33244 | Desolati | Got the Volume of the Traveller and Black Rites
 33597 | Desolati | Identified the amulet of the Slug {Faith rF+ rC+ MP+9}
 33616 | Desolati | Got the Compendium of Feathers
 34014 | Desolati | Identified the +2 pair of boots of Senuwkole {rC+}
 34457 | Vaults:3 | Found Jito's Antique Weapon Boutique.
 34513 | Vaults:3 | Found Atysysymp's Antique Weapon Boutique.
 34828 | Vaults:4 | Reached XP level 20. HP: 202/202 MP: 28/28
 35106 | Vaults:4 | Found the +8 glaive of the Guard {elec, spectral, AC+5}
 35207 | Vaults:4 | Found a transporter.
 35233 | Vaults:4 | Reached skill level 23 in Fighting
 35246 | Vaults:4 | HP: 65/203 [dire elephant (18)]
 35247 | Vaults:4 | HP: 19/203 [vault warden/+0 bardiche (47)]
 35249 | Vaults:4 | Annihilated by a vault warden

Illustrated notes

Levels and vault maps discovered:
D:1:      minmay_arrival_four_loops, layout_basic, basic_ecumenical_altar,
          serial_shops, nicolae_shop_hallway_stairs
D:2:      layout_basic
D:3:      layout_basic, mainiacjoe_overflow_surrounded_room,
          grunt_temple_overflow_open
D:4:      layout_cave_pools, gammafunk_ghost_mausoleum, minmay_misc_feat_x,
          st_stairs_7, uniq_eustachio
D:5:      layout_basic, uniq_ijyb
D:6:      lemuel_castle_with_subvaults [lemuel_castle_interior_carwin_1],
          layout_cave_pods, lemuel_round_altar, nicolae_gozag_seed_capital,
          cheibrodos_sewer_entry_drain, serial_shops, shop, nicolae_shop_stone,
          chequers_serial_rivers_large_a
D:7:      layout_basic, overflow_temple_1_default,
          minmay_temple_entry_water_ring, serial_shops, shop_fountains
D:8:      layout_cave_pools, serial_shops, shop, minmay_evil_grid
D:9:      wander_river, layout_rooms, serial_shops,
          nicolae_shop_overgrown_old_shop
D:10:     layout_irregular_city, mainiacjoe_overflow_boulevard,
          lair_entry_dummy, erik_orc_4, corner_web_ring, minmay_circle_x
D:11:     layout_loops_ring, grunt_ministairs_7,
          nicolae_concentric_dashed_squares_mild,
          hangedman_abyss_or_decor_lesser_grid, uniq_urug
D:12:     layout_loops_ring, gammafunk_ghost_cemetery, fedhas_altar_4,
          uniq_nessos
D:13:     layout_loops_ring, okawaru_metal_pillars_1_2
D:14:     layout_cave_pods, grunt_vaults_entry_fortified, enter_trove_0,
          serial_bayou_pond_c
D:15:     hangedman_depths_entry_try_elsewhere_first, layout_basic,
          chequers_garden
Lair:1:   layout_small_grid, basic_altar, nicolae_lair_liquid_snakes,
          uniq_maggie
Lair:2:   regret_index_combs_of_tragedy, layout_chaotic_city,
          nicolae_swamp_entry_splash_gauntlet,
          minmay_snake_entry_guardpost_large, chequers_serial_rivers_marsh
Lair:3:   layout_roguey, grunt_megastairs_1, serial_bayou_shore_a
Lair:4:   nzn_winding_woodlands_stair_trap [nzn_winding_woodlands_5x15_zeroes,
          nzn_winding_woodlands_5x15_garden,
          nzn_winding_woodlands_5x15_sidewinder,
          nzn_winding_woodlands_15x15_killbox,
          nzn_winding_woodlands_5x15_river_crossing,
          nzn_winding_woodlands_5x15_cabin, nzn_winding_woodlands_5x15_jagged],
          layout_loops_ring
Lair:5:   layout_cave_pods, basic_altar, nicolae_lair_time_for_slime,
          lemuel_fruit_fields
Lair:6:   wormcave, layout_regular_city, guppyfry_lair_end_dragon,
          dpeg_slime_entry_enclosed_altar, lemuel_fruit_tree
Swamp:1:  layout_basic_swamp, evilmike_swamp_ruin_house_5, swamp_pool1,
          nicolae_swamp_catching_bugs
Swamp:2:  layout_basic_swamp, evilmike_swamp_ruin_house_4
Swamp:3:  layout_basic_swamp, basic_altar
Swamp:4:  byrel_swamp_growth_death_and_undeath, layout_basic_swamp
Orc:1:    layout_caves, hellmonk_jugg_or_not
Orc:2:    st_orc_open, layout_diamond_mine, uniq_erolcha
Vaults:1: gammafunk_ghost_necromancy, hangedman_vaults_stream, v_alt_pattern_5,
          vaults_dpeg_ring, grunt_vaults_focal,
          vaults_room_grunt_arrival_checkpoint, grunt_vaults_hallway_short,
          nicolae_vaults_know_your_exits, vaults_mumra_hex,
          nicolae_vaults_little_squares_1, nicolae_vaults_little_squares_4,
          layout_vaults_omnicross
Vaults:2: ebering_ghost_xom, hangedman_vaults_corner,
          vaults_mumra_minichess_inversion, ontoclasm_vaults_claustrophobia,
          minmay_crypt_entry_simple_corners, st_cross,
          grunt_vaults_hallway_long, layout_vaults_chaotic_city,
          serial_hangedman_research, hangedman_research_electronics,
          hangedman_research_metamorphosis, hangedman_research_geology
Vaults:3: portal_desolation_entry_nicolae_nacl, nicolae_vaults_sealed_display,
          vaults_mumra_bighexcomb, vaults_dpeg_spiral, v_rooms_2,
          nicolae_vaults_stairing_the_circle, v_rooms_6, grunt_vaults_twisty,
          vaults_room_mumra_shop_pool, nicolae_vaults_little_squares_2,
          layout_vaults_maze_bifur, serial_shops, shop
Vaults:4: gammafunk_ghost_wrathful_warriors, hangedman_vaults_river_flow,
          ontoclasm_vaults_decontamination, grunt_vaults_hallway_long,
          hangedman_vaults_locks, hangedman_vaults_nails, v_misc_9,
          grunt_vaults_hallway_short, v_pattern_2,
          minmay_guarded_unrand_guard_vaults, vaults_room_stairs_pillars,
          layout_vaults_ring

Skill      XL: |  1  2  3  4  5  6  7  8  9 10 11 12 13 14 15 16 17 18 19 20 |
---------------+-------------------------------------------------------------+-----
Fighting       | 2 3 4 5 10 13 14 16 19 21 22 23 | 23.0
Maces & Flails | 1 3 4 6 8 11 13 | 13.8
Axes           | 2 10 15 | 15.9
Invocations    | 2 3 4 5 7 8 9 12 | 12.8
Shields        | 5 9 13 14 16 17 | 17.4
Armour         | 2 9 12 | 12.8
Evocations     | 3 6 9 11 | 11.0
Throwing       | 1 10 12 13 | 13.2
Dodging        | 7 8 |  8.4
Stealth        | |  1.5
Spellcasting   | |  2.1
Conjurations   | |  0.6
Summonings     | |  0.6
Translocations | |  0.6

Action                   |  1- 3 |  4- 6 |  7- 9 | 10-12 | 13-15 | 16-18 | 19-21 || total
-------------------------+-------+-------+-------+-------+-------+-------+-------++-------
Melee: Dagger            |    60 |   139 |       |       |       |       |       ||   199
       Headbutt          |     4 |    33 |    48 |    95 |   188 |   338 |   214 ||   920
       Punch             |     1 |     6 |     1 |       |       |       |       ||     8
       Mace              |       |    61 |    69 |       |       |       |       ||   130
       Flail             |       |       |   167 |   167 |       |       |       ||   334
       Shillelagh        |       |       |       |   353 |   360 |       |       ||   713
       Broad axe         |       |       |       |       |   458 |  1123 |   640 ||  2221
 Fire: Hunting sling     |    47 |     2 |       |       |       |       |       ||    49
Throw: Dart              |       |     2 |       |       |       |       |       ||     2
       Boomerang         |       |       |       |       |     2 |    24 |    32 ||    58
 Cast: Magic Dart        |    12 |       |       |       |       |       |       ||    12
Invok: Banish            |       |     2 |     1 |     4 |     3 |    13 |       ||    23
       Depart the Abyss  |       |       |       |       |       |     1 |       ||     1
Evoke: Wand              |       |       |       |     6 |     4 |       |       ||    10
       Condenser vane    |       |       |       |       |     2 |     4 |     1 ||     7
  Use: Scroll            |       |     3 |       |    15 |     9 |     3 |       ||    30
       Potion            |       |     3 |       |       |       |       |       ||     3
 Stab: Sleeping          |     2 |     1 |       |       |       |       |       ||     3
       Petrified         |       |       |       |       |       |     5 |       ||     5
       Petrifying        |       |       |       |       |       |     2 |       ||     2
Armor: Robe              |    14 |       |       |       |       |       |       ||    14
       Chain mail        |       |   131 |   208 |   186 |   261 |    23 |       ||   809
       Ring mail         |       |     3 |       |       |       |       |       ||     3
       Plate armour      |       |       |       |       |       |   510 |   174 ||   684
Dodge: Dodged            |    64 |    84 |    84 |   122 |   381 |   522 |   200 ||  1457
Block: Kite shield       |       |       |    13 |   235 |   457 |   560 |       ||  1265
       Tower shield      |       |       |       |       |       |   160 |   504 ||   664
